 Dungeon Crawl Stone Soup version 0.28-a0-941-g140ffa10cf (webtiles) character file.

Game seed: 469666436697943917

70291 BinkBink the Fencer (level 14, -4/143 HPs)
             Began as a Minotaur Monk on Nov 29, 2021.
             Was the Champion of Nemelex Xobeh.
             Slain by a death yak (15 damage)
             ... on level 4 of the Lair of Beasts.
             The game lasted 01:04:34 (25472 turns).

BinkBink the Fencer (Minotaur Monk)                Turns: 25472, Time: 01:04:35

Health: -4/143     AC: 15    Str: 15    XL:     14   Next: 93%
Magic:  22/22      EV: 11    Int:  7    God:    Nemelex Xobeh [******]
Gold:   1327       SH:  7    Dex: 21    Spells: 13/13 levels left

rFire   . . .      SeeInvis +   K - +3 scimitar (venom)
rCold   + . .      Faith    .   d - +0 buckler of Follow the Leader {rC+ Dex+2}
rNeg    . . .      Spirit   .   C - +0 chain mail {rPois}
rPois   +          Reflect  .   (helmet unavailable)
rElec   .          Harm     .   L - +0 cloak
rCorr   .          Rampage  .   J - +0 pair of gloves
Will    ++...                   (no boots)
Stlth   ..........              a - amulet "Wewuetzo" {Acrobat MP+9}
HPRegen 0.33/turn               b - ring of see invisible
MPRegen 0.18/turn               (no ring)

@: studying Throwing
A: horns 3, retaliatory headbutt, strong-willed 1, subdued magic 1
a: Renounce Religion, Draw Escape, Draw Destruction, Draw Summoning, Triple
Draw, Deal Four, Stack Five


You were on level 4 of the Lair of Beasts.
You worshipped Nemelex Xobeh.
Nemelex Xobeh was exalted by your worship.
You visited 3 branches of the dungeon, and saw 22 of its levels.
You also visited: Sewer.

You collected 1870 gold pieces.
You spent 543 gold pieces at shops.

Inventory:

Hand Weapons
 e - a +2 falchion of holy wrath
 l - a +1 long sword of flaming
 K - a +3 scimitar of venom (weapon)
Missiles
 y - 5 throwing nets (quivered)
Armour
 d - the +0 buckler of Follow the Leader (worn) {rC+ Dex+2}
   (You bought it in a shop on level 10 of the Dungeon)

   Dex:       It affects your dexterity (+2).
   rC:        It protects you from cold.
 s - a +3 buckler
 C - a +0 chain mail of poison resistance (worn)
 D - a scarf of shadows
 F - +0 steam dragon scales
 J - a +0 pair of gloves (worn)
 L - a +0 cloak (worn)
 Y - a +0 tower shield
Jewellery
 a - the amulet "Wewuetzo" (around neck) {Acrobat MP+9}
   (You found it on level 7 of the Dungeon)

   [amulet of the acrobat]

   It increases your evasion while moving and waiting.
   MP:        It affects your magic capacity (+9).
 b - a ring of see invisible (left hand)
 w - a ring of wizardry
 B - a +6 ring of intelligence
 E - an amulet of guardian spirit
 O - a ring of flight
 T - a ring of ice
 V - a ring of wizardry
 X - an amulet of regeneration
Wands
 f - a wand of charming (14)
 i - a wand of iceblast (26)
 p - a wand of mindburst (16)
 I - a wand of paralysis (10)
 N - a wand of polymorph (4)
Scrolls
 c - 5 scrolls of enchant weapon
 h - 2 scrolls of holy word
 k - 2 scrolls of fog
 m - 3 scrolls of immolation
 o - 5 scrolls of teleportation
 q - a scroll of vulnerability
 r - 7 scrolls of magic mapping
 t - 4 scrolls of noise
 u - 2 scrolls of fear
 v - 7 scrolls of enchant armour
 H - 3 scrolls of amnesia
 R - a scroll of torment {unknown}
 S - 4 scrolls of identify
 U - a scroll of brand weapon
 W - 2 scrolls of summoning {unknown}
Potions
 g - 2 potions of brilliance {unknown}
 j - a potion of resistance
 n - 2 potions of attraction
 x - 8 potions of flight
 z - 2 potions of cancellation {unknown}
 A - 4 potions of haste
 G - 3 potions of might
 M - 5 potions of curing
 P - a potion of invisibility
 Q - a potion of ambrosia {unknown}


   Skills:
 + Level 18.2 Fighting
 + Level 19.8 Long Blades
 - Level 11.8 Armour
 + Level 8.6 Dodging
 - Level 1.5 Stealth
 - Level 9.4 Shields
 - Level 0.3 Unarmed Combat


You had 13 spell levels left.
You didn't know any spells.
Your spell library contained the following spells:

 Spells                   Type           Power      Damage    Failure   Level
 Freeze                   Ice            0%         1d3       99%         1
 Sandblast                Erth           0%         2d4       99%         1
 Slow                     Hex            0%         N/A       99%         1
 Corpse Rot               Necr/Air       0%         N/A       100%        2
 Poisonous Vapours        Pois/Air       0%         N/A       100%        2
 Scorch                   Fire           0%         2d5       100%        2
 Sublimation of Blood     Necr           0%         N/A       100%        2
 Confusing Touch          Hex            0%         N/A       100%        3
 Frozen Ramparts          Ice            0%         1d2       100%        3
 Gell's Gravitas          Tloc           0%         N/A       100%        3
 Ozocubu's Armour         Ice            0%         N/A       100%        3
 Stone Arrow              Conj/Erth      0%         3d7       100%        3
 Teleport Other           Tloc           0%         N/A       100%        3
 Dispel Undead            Necr           0%         3d6       100%        4
 Flame Wave               Conj/Fire      0%         2d4       100%        4
 Hailstorm                Conj/Ice       0%         3d3       100%        4
 Iskenderun's Mystic Bla  Conj/Tloc      0%         2d3       100%        4
 Yara's Violent Unravell  Hex/Tmut       0%         3d3       100%        5
 Death Channel            Necr           0%         N/A       100%        6
 Dispersal                Tloc           0%         N/A       100%        6
 Summon Cactus Giant      Summ           0%         N/A       100%        6
 Ozocubu's Refrigeration  Ice            0%         4d5       100%        7


Dungeon Overview and Level Annotations

Branches:
Dungeon (14/15)            Temple (0/1) D:7            Lair (6/6) D:10
  Swamp (0/4) Lair:4        Snake (0/4) Lair:2        Slime (0/5) Lair:5
    Orc (2/2) D:10            Elf (0/3) Orc:2        Vaults (0/5) D:13
  Sewer (visited)

Altars:
Dithmenos
Elyvilon
Fedhas
Gozag
Kikubaaqudgha
Makhleb
Nemelex Xobeh
Okawaru
Qazlal
Ru
Vehumet
Xom
Yredelemnul
Zin
The Shining One
Beogh
Jiyva

Shops:
D:10 [   D:13 =   Orc:2 (=!?

Annotations:
D:4 2 transporters, bgiannan's ghost, novice MiFi
D:9 3 runed translucent doors, hemabe71's ghost, novice HuAr
D:10 3 runed translucent doors
Lair:1 3 runed translucent doors, 1994's ghost, journeyman DsVM


Innate Abilities, Weirdness & Mutations

You have a pair of large horns on your head.
You reflexively headbutt those who attack you in melee.
You are strong-willed. (Will+)
Your spells are a little easier to cast, but a little less powerful.


Message History

You see here a +0 short sword.
You hit the death yak.
The death yak is poisoned.
You headbutt the death yak.
The death yak is moderately wounded.
You block the death yak's attack. The death yak gores you!
You hit the death yak.
The death yak looks even sicker.
The death yak is heavily wounded.
The death yak gores you! x2
You hit the death yak but do no damage. Your headbutt misses the death yak.
The death yak is heavily wounded.
You block the death yak's attack.
You slash the death yak!
The death yak looks as sick as possible!
The death yak is severely wounded.
The death yak gores you!!
You hit the death yak but do no damage.
The death yak looks as sick as possible!
The death yak is almost dead.
The death yak gores you!
* * * LOW HITPOINT WARNING * * *
The death yak gores you!!
* * * LOW HITPOINT WARNING * * *
Okay, then.
Okay, then.
You draw a card...
You have drawn the Tomb.
Walls emerge from the floor!
The death yak gores you.
* * * LOW HITPOINT WARNING * * *
You block the death yak's attack. x2
You draw a card...
You have drawn the Cloud.
Clouds appear around you! The death yak barely misses you.
You furiously retaliate!
You headbutt the death yak, but do no damage.
The death yak gores you!
* * * LOW HITPOINT WARNING * * *
The death yak gores you but does no damage.
You draw a card...
You have drawn the Tomb.
Nothing appears to happen.
You kill the death yak!
The death yak gores you but does no damage.
The death yak gores you!
You die...
Your body glows slightly and disappears.

.....##....####...P..## #....
.....##.#........#...## ###.P
....................#.## ###
.#..##.P...............#### ###
#...........)###..........#####..
##.......PP..###..>..............
....>...#......§§§...............
#.#.#.......#.##§#.......P.#..##.
###...........YY@#..........####.
###.##.####P§Y##...............
###### #.§h.........#..#####
##..P.[.......####
#.###........[# ### ###.....###
#######


You could see 3 death yaks and a polar bear.

Vanquished Creatures
  Jorgrun (Orc:2)
  Gastronok (Orc:1)
  Snorg (D:13)
  A vault guard (D:13)
  An ice dragon (Lair:3)
  Fannar (Lair:3)
  3 hydras
  2 ogre magi (Orc:2)
  Erolcha (D:9)
  Harold (D:7)
  3 centaur warriors
  2 two-headed ogres
  A catoblepas (Lair:3)
  8 death yaks
  A hell hog (D:13)
  A deep elf knight (D:13)
  Pikel (D:4)
  3 orc knights (Orc:1)
  An orb spider (shapeshifter) (D:11)
  An ugly thing (D:12)
  4 orc sorcerers (Orc:2)
  An oklob plant (Orc:1)
  A moth of wrath (D:13)
  A cyclops (D:13)
  A manticore (D:11)
  8 elephants (Lair:2)
  5 black mambas
  A guardian serpent (Orc:2)
  A torpor snail (Lair:4)
  A gargoyle (D:13)
  12 cane toads
  Maggie (D:7)
  2 unseen horrors
  7 kobold demonologists
  11 komodo dragons
  5 trolls
  3 polar bears
  2 hornets
  7 blink frogs
  10 slime creatures
  4 water elementals (D:10)
  4 wraiths
  A tarantella (D:13)
  34 yaks
  3 wyverns
  5 basilisks
  A hog (D:9)
  2 fire elementals (D:13)
  A steam dragon (D:8)
  Menkaure (D:5)
  4 nagas
  3 wargs
  3 hell hounds (D:13)
  Duvessa (D:4)
  15 water moccasins
  A sky beast (D:7)
  A floating eye (D:9)
  An ice beast (D:3)
  A swamp drake (Orc:2)
  15 orc warriors
  2 black bears
  A tengu (Orc:2)
  A necrophage (D:6)
  5 ogres
  8 wolves
  6 centaurs
  A phantom (D:6)
  9 kobold brigands
  11 bullfrogs
  6 scorpions
  A water moccasin zombie (D:5)
  Dowan (D:4)
  5 killer bees (D:10)
  4 wights (D:8)
  3 howler monkeys
  2 bullfrog zombies
  3 centaur zombies
  5 jellies
  9 orc priests
  A hound (Lair:1)
  A bullfrog skeleton (D:5)
  A centaur skeleton (D:5)
  A gnoll shaman (D:4)
  Jessica (D:3)
  9 iguanas
  28 orc wizards
  6 hell rats (Lair:4)
  Robin (D:4)
  8 gnolls
  An adder (D:3)
  A howler monkey skeleton (D:4)
  A river rat (D:4)
  2 shadow imps
  An ufetubus (D:5)
  5 worms
  4 dart slugs
  48 orcs
  9 ball pythons
  13 endoplasms
  6 giant cockroaches
  19 goblins
  8 hobgoblins
  4 jackals (Sewer)
  11 quokkas
  9 bats
  6 frilled lizards
  31 kobolds
  6 rats
545 creatures vanquished.

Vanquished Creatures (collateral kills)
  3 vault guards (D:13)
  A hydra (D:11)
  An ogre mage (Orc:2)
  A centaur warrior (D:11)
  4 orc sorcerers
  3 cyclopes (D:11)
  2 centaur zombies (D:11)
  2 tengu conjurers
  A troll (D:11)
  A shadow (D:11)
  A redback (Orc:1)
  A wraith (D:11)
  A human (D:13)
  A basilisk (D:11)
  An acid dragon (D:11)
  A swamp drake (D:11)
  A centaur (D:11)
  2 kobold brigands (D:11)
  4 orc wizards (Orc:2)
  4 orcs (Orc:2)
  6 kobolds (D:11)
42 creatures vanquished.

Vanquished Creatures (others)
  An orc wizard (Orc:2)
  A kobold (D:11)
  24 fungi
  55 plants
81 creatures vanquished.

Grand Total: 668 creatures vanquished

Notes
Turn   | Place    | Note
-------+----------+-------------------------------------------
     0 | D:1      | BinkBink the Minotaur Monk began the quest for the Orb.
     0 | D:1      | Reached XP level 1. HP: 19/19 MP: 0/0
   319 | D:1      | Reached XP level 2. HP: 13/27 MP: 1/1
   751 | D:1      | Reached skill level 4 in Long Blades
   784 | D:1      | Found a faded altar of an unknown god.
   788 | D:1      | Prayed at the altar of an unknown god.
   788 | D:1      | Became a worshipper of Nemelex Xobeh the Trickster
   788 | D:1      | Reached * piety under Nemelex Xobeh
   788 | D:1      | Received a gift from Nemelex Xobeh
   788 | D:1      | Reached ** piety under Nemelex Xobeh
   788 | D:1      | Received a gift from Nemelex Xobeh
   926 | D:1      | Reached skill level 1 in Armour
  1083 | D:1      | Reached XP level 3. HP: 33/33 MP: 2/2
  1394 | D:2      | Noticed Sigmund
  1398 | D:2      | Noticed Sigmund
  1398 | D:2      | Sigmund changed into Sigmund the bullfrog
  1403 | D:2      | Killed Sigmund the bullfrog
  1404 | D:2      | Reached skill level 1 in Shields
  1404 | D:2      | Reached XP level 4. HP: 26/41 MP: 3/3
  1701 | D:2      | Reached *** piety under Nemelex Xobeh
  1701 | D:2      | Received a gift from Nemelex Xobeh
  2477 | D:3      | Noticed Jessica
  2485 | D:3      | Killed Jessica
  2486 | D:3      | Reached skill level 5 in Long Blades
  2486 | D:3      | Reached XP level 5. HP: 47/47 MP: 4/4
  2653 | D:3      | Noticed an ice beast
  2663 | D:3      | Killed an ice beast
  2790 | D:4      | Noticed Pikel
  2790 | D:4      | Noticed a lemure
  2790 | D:4      | Noticed a lemure
  2790 | D:4      | Noticed a lemure
  2906 | D:4      | Reached XP level 6. HP: 32/53 MP: 5/5
  2939 | D:4      | Found a glowing drain.
  2943 | Sewer    | Entered a sewer
  3705 | D:4      | Noticed Robin
  3742 | D:4      | Killed Robin
  3746 | D:4      | Reached skill level 5 in Fighting
  3853 | D:4      | Found a sacrificial altar of Ru.
  3890 | D:4      | Reached skill level 6 in Long Blades
  4059 | D:4      | Found a transporter.
  4134 | D:4      | Noticed a water moccasin
  4137 | D:4      | Killed a water moccasin
  4138 | D:4      | Reached XP level 7. HP: 61/61 MP: 6/6
  4163 | D:4      | Reached **** piety under Nemelex Xobeh
  4164 | D:4      | Noticed Duvessa
  4167 | D:4      | Killed Duvessa
  4171 | D:4      | Noticed Dowan
  4180 | D:4      | Killed Dowan
  4272 | D:4      | Killed Pikel
  4273 | D:4      | Reached skill level 7 in Long Blades
  4273 | D:4      | Reached skill level 5 in Dodging
  4273 | D:4      | Reached XP level 8. HP: 54/70 MP: 7/7
  4359 | D:4      | Received a gift from Nemelex Xobeh
  4493 | D:4      | Reached skill level 8 in Long Blades
  4896 | D:4      | Found an opulent altar of Gozag.
  4996 | D:4      | Reached skill level 5 in Armour
  4996 | D:4      | Reached skill level 5 in Shields
  5051 | D:4      | Found a transporter.
  5051 | D:4      | Noticed bgiannan's ghost (novice MiFi)
  5052 | D:4      | Identified the +10 giant club of Perversion {vamp, Fly
                  | Str+4 Dex-5}
  5126 | D:4      | Received a gift from Nemelex Xobeh
  5168 | D:5      | Entered Level 5 of the Dungeon
  5690 | D:5      | Noticed Menkaure
  5692 | D:5      | Reached skill level 9 in Long Blades
  6036 | D:5      | Killed Menkaure
  6037 | D:5      | Reached XP level 9. HP: 78/78 MP: 8/8
  6225 | D:5      | Found an iron altar of Okawaru.
  6399 | D:5      | Received a gift from Nemelex Xobeh
  7136 | D:6      | Found a shimmering altar of Xom.
  7170 | D:6      | Found a basalt altar of Yredelemnul.
  7196 | D:6      | Reached ***** piety under Nemelex Xobeh
  7686 | D:6      | Received a gift from Nemelex Xobeh
  7864 | D:6      | Found a shadowy altar of Dithmenos.
  7869 | D:6      | Reached skill level 10 in Long Blades
  8525 | D:7      | Noticed Maggie
  8598 | D:7      | Killed Maggie
  8924 | D:7      | Noticed Harold
  8951 | D:7      | Killed Harold
  8952 | D:7      | Reached XP level 10. HP: 43/86 MP: 9/9
  9147 | D:7      | Identified the amulet "Wewuetzo" {Acrobat MP+9}
  9256 | D:7      | Found a staircase to the Ecumenical Temple.
  9308 | D:7      | Received a gift from Nemelex Xobeh
 10373 | D:8      | Found a sparkling altar of Nemelex Xobeh.
 10421 | D:9      | Noticed Maurice
 10423 | D:9      | Noticed Maurice
 10423 | D:9      | Maurice changed into Maurice the warg
 10424 | D:9      | Killed Maurice the warg
 10425 | D:9      | Reached skill level 11 in Long Blades
 10446 | D:9      | Noticed Erolcha
 10450 | D:9      | Killed Erolcha
 10451 | D:9      | Reached skill level 10 in Armour
 10455 | D:9      | Noticed Erica
 10478 | D:9      | Noticed Joseph
 10480 | D:9      | Noticed Erica
 10480 | D:9      | Erica changed into Erica the floating eye
 10480 | D:9      | Noticed Joseph
 10480 | D:9      | Joseph changed into Joseph the hog
 10483 | D:9      | Paralysed by Erica for 3 turns
 10491 | D:9      | Killed Erica the floating eye
 10493 | D:9      | Killed Joseph the hog
 10633 | D:9      | Found a burning altar of Makhleb.
 10701 | D:9      | Received a gift from Nemelex Xobeh
 10749 | D:9      | Noticed a two-headed ogre
 10756 | D:9      | Killed a two-headed ogre
 10781 | D:9      | Received a gift from Nemelex Xobeh
 10790 | D:9      | Got the Almanac of Conjuration
 10867 | D:9      | Reached skill level 12 in Long Blades
 10867 | D:9      | Reached XP level 11. HP: 93/94 MP: 10/10
 10894 | D:9      | Found a runed translucent gate.
 10894 | D:9      | Found a runed translucent gate.
 10894 | D:9      | Found a runed translucent gate.
 10897 | D:9      | Identified the +0 chain mail of Imperfection {rC+ Regen+}
 10897 | D:9      | Noticed hemabe71's ghost (novice HuAr)
 11077 | D:10     | Entered Level 10 of the Dungeon
 11077 | D:10     | Found a staircase to the Orcish Mines.
 11108 | D:10     | Received a gift from Nemelex Xobeh
 11188 | D:10     | Found a white marble altar of Elyvilon.
 12073 | D:10     | Received a gift from Nemelex Xobeh
 12182 | D:10     | Found a staircase to the Lair.
 12191 | D:10     | Found Fochoaw's Antique Armour Shoppe.
 12196 | D:10     | Bought an encrusted buckler for 228 gold pieces
 12196 | D:10     | Identified the +0 buckler of Follow the Leader {rC+ Dex+2}
                  | (You bought it in a shop on level 10 of the Dungeon)
 12242 | D:10     | Found a runed translucent gate.
 12243 | D:10     | Found a runed translucent gate.
 12243 | D:10     | Found a runed translucent gate.
 12244 | D:10     | Noticed a green ugly thing
 12245 | D:10     | Noticed a white ugly thing
 12245 | D:10     | Noticed a purple ugly thing
 12246 | D:10     | Noticed a purple ugly thing
 12246 | D:10     | Noticed a glowing orange brain
 12246 | D:10     | Noticed a cyan ugly thing
 12246 | D:10     | Noticed a lindwurm
 12246 | D:10     | a tarantella changed into a lindwurm
 12249 | D:10     | a lindwurm changed into a snapping turtle
 12578 | D:10     | Noticed a spark wasp
 12578 | D:10     | Noticed a satyr
 12578 | D:10     | a spark wasp changed into a satyr
 12580 | D:10     | Noticed an entropy weaver
 12580 | D:10     | a satyr changed into an entropy weaver
 12582 | D:10     | Noticed a boulder beetle
 12582 | D:10     | an entropy weaver changed into a boulder beetle
 12583 | D:10     | Noticed a fire dragon
 12583 | D:10     | a boulder beetle changed into a fire dragon
 12588 | D:10     | Noticed a bunyip
 12588 | D:10     | a fire dragon changed into a bunyip
 12589 | D:10     | Noticed a goliath frog
 12589 | D:10     | a bunyip changed into a goliath frog
 12615 | D:10     | Noticed a shining eye
 12626 | D:10     | a shining eye changed into a floating eye
 12653 | D:11     | Found a glowing golden altar of the Shining One.
 12654 | D:11     | Found a blossoming altar of Fedhas.
 12655 | D:11     | Found a stormy altar of Qazlal.
 12656 | D:11     | Found a glowing silver altar of Zin.
 12656 | D:11     | Received a gift from Nemelex Xobeh
 12662 | D:11     | Noticed a centaur warrior
 12694 | D:11     | Noticed an orb spider
 12705 | D:11     | Killed an orb spider
 12706 | D:11     | Reached skill level 13 in Long Blades
 12754 | D:11     | Noticed a six-headed hydra
 12755 | D:11     | Reached skill level 14 in Long Blades
 12758 | D:11     | Noticed a soul eater
 12761 | D:11     | Killed a six-headed hydra
 12773 | D:11     | Killed a centaur warrior
 12774 | D:11     | Reached skill level 10 in Fighting
 12774 | D:11     | Reached XP level 12. HP: 22/106 MP: 11/11
 13106 | D:11     | Got Sif Muna's Tome of Darkness and Stones
 13205 | D:11     | Reached skill level 15 in Long Blades
 13435 | D:11     | Reached ****** piety under Nemelex Xobeh
 13435 | D:11     | Received a gift from Nemelex Xobeh
 13866 | D:11     | Gained mutation: You are clumsy. (Dex -2) [potion of
                  | mutation]
 13866 | D:11     | Gained mutation: Your spells are a little harder to cast,
                  | but a little more powerful. [potion of mutation]
 13867 | D:11     | Lost mutation: You are clumsy. (Dex -2) [potion of
                  | mutation]
 13867 | D:11     | Lost mutation: Your spells are a little harder to cast, but
                  | a little more powerful. [potion of mutation]
 13867 | D:11     | Gained mutation: Your spells are a little easier to cast,
                  | but a little less powerful. [potion of mutation]
 13867 | D:11     | Gained mutation: You have hidden genetic potential. [potion
                  | of mutation]
 13884 | D:12     | Noticed a two-headed ogre
 13887 | D:12     | Killed a two-headed ogre
 14160 | D:12     | Received a gift from Nemelex Xobeh
 14308 | D:12     | Reached skill level 16 in Long Blades
 14454 | D:12     | Received a gift from Nemelex Xobeh
 14824 | D:13     | Noticed a vault guard
 14825 | D:13     | Noticed an entropy weaver
 14825 | D:13     | a vault guard changed into an entropy weaver
 14826 | D:13     | an entropy weaver changed into a tarantella
 14847 | D:13     | Found Xidinle's Jewellery Boutique.
 15111 | D:13     | Noticed a vault guard
 15159 | D:13     | Noticed Snorg
 15160 | D:13     | Killed Snorg
 15162 | D:13     | Noticed Azrael
 15170 | D:13     | Noticed Azrael
 15170 | D:13     | Azrael changed into Azrael the hell hog
 15178 | D:13     | Killed Azrael the hell hog
 15485 | D:13     | Received a gift from Nemelex Xobeh
 15508 | D:13     | Noticed a centaur warrior
 15517 | D:13     | Killed a centaur warrior
 15724 | D:13     | Noticed a centaur warrior
 15725 | D:13     | Killed a centaur warrior
 15726 | D:13     | Reached XP level 13. HP: 119/119 MP: 12/12
 15743 | D:13     | Reached skill level 17 in Long Blades
 15762 | D:13     | Found a glowing silver altar of Zin.
 16087 | D:13     | Found a gate to the Vaults.
 16118 | D:13     | Gained mutation: You have a pair of large horns on your
                  | head. [hidden potential]
 16398 | Orc:1    | Entered Level 1 of the Orcish Mines
 17278 | Orc:1    | Received a gift from Nemelex Xobeh
 17299 | Orc:1    | Noticed Gastronok
 17321 | Orc:1    | Killed Gastronok
 17715 | Orc:2    | Entered Level 2 of the Orcish Mines
 17944 | Orc:2    | Noticed Jorgrun
 17957 | Orc:2    | Killed Jorgrun
 18375 | Orc:2    | Reached skill level 18 in Long Blades
 18608 | Orc:2    | Found a staircase to the Elven Halls.
 18659 | Orc:2    | Received a gift from Nemelex Xobeh
 18755 | Orc:2    | Found Coituost's Distillery.
 18766 | Orc:2    | Found a radiant altar of Vehumet.
 18767 | Orc:2    | Paralysed by an orc sorcerer for 4 turns
 18775 | Orc:2    | Reached skill level 15 in Fighting
 18874 | Orc:2    | Paralysed by an ogre mage for 7 turns
 19068 | Orc:2    | Found an ancient bone altar of Kikubaaqudgha.
 19103 | Orc:2    | Found Herch's Antique Weapon Boutique.
 19184 | Orc:2    | Found Nyfon's Jewellery Shop.
 19199 | Orc:2    | Found Pyol's Magic Scroll Boutique.
 19207 | Orc:2    | Bought a scroll of enchant armour for 105 gold pieces
 19207 | Orc:2    | Bought a scroll of enchant armour for 105 gold pieces
 19207 | Orc:2    | Bought a scroll of enchant armour for 105 gold pieces
 19330 | Lair:1   | Entered Level 1 of the Lair of Beasts
 19360 | Lair:1   | Received a gift from Nemelex Xobeh
 19568 | Lair:1   | Found a blossoming altar of Fedhas.
 19706 | Lair:1   | Reached XP level 14. HP: 115/136 MP: 13/13
 19829 | Lair:1   | Found a runed translucent gate.
 19829 | Lair:1   | Found a runed translucent gate.
 19829 | Lair:1   | Found a runed translucent gate.
 19829 | Lair:1   | Noticed 1994's ghost (journeyman DsVM)
 20307 | Lair:2   | Found a staircase to the Snake Pit.
 20505 | Lair:2   | Received a gift from Nemelex Xobeh
 20977 | Lair:2   | Gained mutation: You are strong-willed. (Will+) [hidden
                  | potential]
 20977 | Lair:2   | Lost mutation: You have hidden genetic potential. [hidden
                  | potential expressed]
 21473 | Lair:2   | Reached skill level 19 in Long Blades
 22293 | Lair:3   | Received a gift from Nemelex Xobeh
 22858 | Lair:3   | Noticed Fannar
 22867 | Lair:3   | Killed Fannar
 23838 | Lair:3   | Received a gift from Nemelex Xobeh
 24317 | Lair:4   | Found a staircase to the Swamp.
 25027 | Lair:4   | Identified the +0 leather armour "Aniesm" {rN+ Int+2}
 25404 | Lair:5   | Received a gift from Nemelex Xobeh
 25416 | Lair:5   | You fall into a shaft and drop 1 floor!
 25416 | Lair:6   | Entered Level 6 of the Lair of Beasts
 25421 | Lair:5   | Found a staircase to the Slime Pits.
 25421 | Lair:5   | Found a viscous altar of Jiyva.
 25472 | Lair:4   | Slain by a death yak

Illustrated notes

Levels and vault maps discovered:
D:1:      psy_arrival_dodecagon, layout_rooms,
          shapermc_ecumenical_altar_acropolis, columned_hall_lemuel,
          minmay_misc_feat_ornament, hangedman_glass_teeth, minivault_5,
          minmay_tripent
D:2:      layout_loops_ring, uniq_sigmund
D:3:      layout_basic, uniq_jessica
D:4:      layout_basic, nicolae_ru_awakened_eye, grunt_gozag_statues,
          gammafunk_ghost_smash, gup_sewer_entry_spiral, minmay_statues_item,
          uniq_duvessa, uniq_robin, uniq_pikel
D:5:      layout_basic, okawaru_gym_becter, minmay_manual_mail, uniq_menkaure
D:6:      layout_layer_cave, grunt_dithmenos_shadows, marbit_many_paths,
          old_standard_altar, abandoned_shop,
          nicolae_concentric_dashed_squares_mild, minmay_misc_feat_secret_circle
D:7:      layout_cave_pools, minmay_temple_entry_mini_moons, uniq_harold,
          uniq_maggie
D:8:      layout_basic, general_overflow_altar
D:9:      layout_cave_pools, bloody_makhleb, biasface_ghost_orc_armoury,
          chequers_decorated_corner, uniq_erica, uniq_joseph, uniq_maurice,
          uniq_erolcha
D:10:     layout_loops_ring, elyvilon_altar_5, lair_entry_dummy, orc_0_dummy,
          ploomutoo_gammafunk_ghost_potion_laboratory, serial_shops,
          nicolae_shop_hallway_plus, nicolae_underground_beach
D:11:     minmay_the_grid_octo_tiled_squarecenter_mashed
          [minmay_the_grid_octo_fan_narrow, minmay_the_grid_octo_horde,
          minmay_the_grid_octo_shrine, minmay_the_grid_octo_empty,
          minmay_the_grid_square_5x5_megaprize_checkered,
          minmay_the_grid_square_5x5_shrine2, minmay_the_grid_square_5x5_meh,
          minmay_the_grid_square_5x5_detours, minmay_the_grid_square_5x5_plus],
          layout_irregular_city
D:12:     layout_small_grid
D:13:     layout_cave_pools, grunt_vaults_entry_fortified,
          minmay_shop_enchanted_jewellery, zin_statuary, uniq_snorg, uniq_azrael
D:14:     layout_loops_ring, gammafunk_ghost_berserking_beasts,
          nicolae_benzene_ring
Lair:1:   beast_lair_carwin_large_2, layout_chaotic_city,
          ebering_ghost_rock_garden, basic_altar, serial_bayou_shore_a
Lair:2:   nzn_winding_woodlands_three_and_one
          [nzn_winding_woodlands_5x15_default,
          nzn_winding_woodlands_5x15_default,
          nzn_winding_woodlands_5x15_pathside_ponds,
          nzn_winding_woodlands_center_garden], layout_misc_corridors,
          minmay_snake_entry_guardpost_small, nicolae_quartered_pool_medium,
          grunt_megastairs_4
Lair:3:   layout_regular_city, beast_lair_carwin_10,
          infiniplex_staircase_pool_2, uniq_fannar
Lair:4:   layout_loops_ring, swamp_mist, serial_bayou_shore_b,
          grunt_megastairs_1
Lair:5:   layout_roguey, slime_altar_1, infiniplex_staircase_pool
Lair:6:   hangedman_lair_caniforms_friends, layout_gridlike, roderic_batcave,
          minivault_11, chequers_serial_rivers_room_b, grunt_megastairs_3,
          uniq_kirke
Orc:1:    nicolae_orc_accident_3, layout_caves, mines3_lemuel, uniq_gastronok
Orc:2:    kennysheep_orc_mage_school, layout_caves, uniq_jorgrun

Skill      XL: |  1  2  3  4  5  6  7  8  9 10 11 12 13 14 |
---------------+-------------------------------------------+-----
Long Blades    | 4 5 6 7 9 10 12 14 16 18 19 | 19.8
Armour         | 1 2 3 4 6 9 11 | 11.8
Fighting       | 4 5 6 7 8 10 12 15 18 | 18.2
Shields        | 1 2 3 4 5 6 8 9 |  9.4
Dodging        | 4 5 6 7 8 |  8.6
Stealth        | |  1.5
Unarmed Combat | |  0.3

Action                   |  1- 3 |  4- 6 |  7- 9 | 10-12 | 13-15 || total
-------------------------+-------+-------+-------+-------+-------++-------
Melee: Falchion          |    59 |   168 |   320 |       |       ||   547
       Headbutt          |    12 |    30 |    82 |   115 |   216 ||   455
       Unarmed           |       |     3 |       |       |       ||     3
       Long sword        |       |       |    21 |   108 |       ||   129
       Scimitar          |       |       |       |   357 |   762 ||  1119
Invok: Draw Destruction  |     3 |     5 |    11 |    65 |    21 ||   105
       Draw Summoning    |       |       |       |     7 |    11 ||    18
       Draw Escape       |       |       |       |     4 |     5 ||     9
  Use: Potion            |       |     1 |     5 |     3 |       ||     9
       Scroll            |       |       |     6 |    11 |     2 ||    19
 Stab: Sleeping          |     1 |    10 |       |       |       ||    11
       Petrified         |       |       |       |       |     6 ||     6
       Distracted        |       |       |       |       |     4 ||     4
Armor: Robe              |     2 |    17 |     1 |       |       ||    20
       Skin              |       |     7 |     4 |     2 |       ||    13
       Chain mail        |       |       |    90 |   140 |   226 ||   456
Dodge: Dodged            |    20 |   122 |    71 |   196 |   300 ||   709
Block: Buckler           |    10 |    33 |    70 |   158 |   230 ||   501

Table legend: (Time is in decaauts)
 A = Elapsed time spent in this place.
 B = Non-inter-level travel time spent in this place.
 C = Inter-level travel time spent in this place.
 D = Time resting spent in this place.
 E = Time spent auto-exploring this place.
 F = Levels seen in this place.
 G = Mean time per level.
                   A        B        C        D        E       F      G
               +--------+--------+--------+--------+--------+-----+--------+
         Total |  25338 |  24514 |    824 |      0 |  20094 |  23 | 1101.7 |
       Dungeon |  15734 |  15130 |    604 |      0 |  12374 |  14 | 1123.9 |
          Lair |   6013 |   5883 |    130 |      0 |   5108 |   6 | 1002.2 |
  Orcish Mines |   2840 |   2750 |     90 |      0 |   2173 |   2 | 1420.0 |
         Sewer |    749 |    749 |      0 |      0 |    439 |   1 |  749.0 |
               +--------+--------+--------+--------+--------+-----+--------+

Top non-repeatable levels by time:
     D:4: 2173 daAuts
  Lair:1: 1714 daAuts
    D:10: 1567 daAuts
   Orc:2: 1541 daAuts
  Lair:3: 1471 daAuts
    D:13: 1461 daAuts
  Lair:4: 1439 daAuts
     D:6: 1392 daAuts
  Lair:2: 1368 daAuts
     D:1: 1337 daAuts
     D:7: 1317 daAuts
   Orc:1: 1299 daAuts
    D:11: 1240 daAuts
     D:5: 1225 daAuts
    D:12: 943 daAuts
